 Dungeon Crawl Stone Soup version 0.28.0-45-g0d030f2227 (console) character file.

Game seed: 13872473424965742385

48 Zeor the Cutter (level 3, -3/20 HPs)
             Began as a Vine Stalker Monk on Apr 3, 2022.
             Slain by a sky beast (4 damage)
             ... on level 3 of the Dungeon.
             The game lasted 00:07:09 (2223 turns).

Zeor the Cutter (Vine Stalker Monk)                 Turns: 2223, Time: 00:07:09

Health: -3/20      AC:  2    Str: 13    XL:     3   Next: 72%
Magic:  0/4        EV: 13    Int: 10    God:
Gold:   132        SH:  0    Dex: 18    Spells: 2/2 levels left

rFire   . . .      SeeInvis .   a - +0 short sword
rCold   . . .      Faith    .   (no shield)
rNeg    . . .      Spirit   +   b - +0 robe
rPois   .          Reflect  .   (no helmet)
rElec   .          Harm     .   (no cloak)
rCorr   .          Rampage  .   (no gloves)
Will    .....                   (no boots)
Stlth   ++........              (no amulet)
HPRegen 0.06/turn               (no ring)
MPRegen 0.09/turn               (no ring)

@: no status effects
A: fangs 2, magic shield, antimagic bite, no potion heal 2
a: no special abilities


You were on level 3 of the Dungeon.
You visited 1 branch of the dungeon, and saw 3 of its levels.

You collected 132 gold pieces.

Inventory:

Hand Weapons
 a - a +0 short sword (weapon)
Missiles
 d - 54 bolts
 e - 48 arrows
Armour
 b - a +0 robe (worn)
 i - a +0 kite shield
Scrolls
 k - a scroll of fear
Potions
 c - a potion of resistance
 g - 2 potions of flight {unknown}
 h - 2 potions of curing
 j - a potion of magic {unknown}


   Skills:
 + Level 3.0 Fighting
 * Level 3.4 Short Blades
 + Level 2.7 Dodging
 + Level 3.1 Stealth


You had 2 spell levels left.
You didn't know any spells.
Your spell library was empty.

Dungeon Overview and Level Annotations

Branches:
Dungeon (3/15)

Altars:


Innate Abilities, Weirdness & Mutations

You have extremely sharp teeth.
When hurt, damage is shared between your health and your magic reserves.
Your bite disrupts and absorbs the magic of your enemies.
Potions cannot restore your health.


Message History

You cannot move.
You cannot move.
You cannot move.
You cannot move.
You cannot move.
You cannot move.
You cannot move.
There is a strange disturbance nearby!
You cannot move.
You cannot move.
There is a strange disturbance nearby!
You cannot move.
You cannot move.
There is a strange disturbance nearby!
You cannot move.
You cannot move.
There is a strange disturbance nearby!
You cannot move.
You cannot move.
There is a strange disturbance nearby!
You cannot move.
You cannot move.
You cannot move.
You cannot move.
Something completely misses you. Something hits you but does no damage.
You cannot move.
You cannot move.
Unknown command.
You cannot move.
You cannot move.
Something hits you but does no damage. Something hits you but does no damage.
You feel less wooden.
Your +0 robe unmelds from your body.
Something hits you.
* * * LOW HITPOINT WARNING * * *
Something shocks you.
* * * LOW HITPOINT WARNING * * *
Something hits you.
You die...

∙∙∙∙∙∙∙▒▒▒▒▒▒∙∙∙∙
∙∙∙∙∙∙∙∙∙∙∙∙∙∙∙▒ ▒
∙∙∙∙∙∙∙∙∙∙∙∙∙∙∙▒ ∙
∙∙∙∙∙∙∙∙∙∙∙∙∙∙∙▒∙▒
∙∙∙∙∙∙∙∙∙∙∙∙∙∙∙▒∙▒
∙∙∙∙∙∙∙∙∙∙∙∙∙∙∙▒∙▒
∙∙∙∙∙∙∙∙∙∙∙∙∙▒∙?∙▒
∙∙∙∙∙∙∙∙∙∙∙∙∙▒▒∙∙▒▒∙∙∙


∙∙∙∙∙∙∙∙∙∙∙∙∙{f∙∙∙∙∙∙∙ ∙∙∙$∙∙∙▒∙∙∙∙∙▒▒∙∙▒∙∙▒∙ ∙∙∙∙∙∙∙∙∙∙▒▒'▒▒∙∙∙∙∙
∙∙∙∙∙∙∙∙▒▒8∙8▒▒∙▒∙∙▒ ▒ ▒▒▒▒▒∙∙∙▒▒∙∙∙∙∙▒▒∙ ∙∙∙∙∙∙∙ ∙∙▒▒ ▒▒▒∙∙∙∙▒▒▒▒8∙∙∙∙∙8▒▒∙
▒∙∙∙∙∙∙▒▒∙∙ ∙∙∙∙∙∙∙∙▒▒∙∙∙∙∙∙∙∙∙▒▒▒ ∙∙∙∙∙∙∙∙∙∙ ∙∙∙∙∙∙∙∙▒8∙∙∙∙∙∙∙∙∙8▒ ∙∙(∙∙∙ ▒∙∙
▒∙∙'∙∙∙∙∙(∙∙∙∙∙■ ▒∙∙∙∙(∙▒▒▒▒ There were no monsters in sight!

Vanquished Creatures
  A worm (D:3)
  5 endoplasms
  5 giant cockroaches
  2 goblins
  4 hobgoblins
  2 jackals (D:1)
  5 kobolds
  A quokka (D:2)
  3 ball pythons
  5 bats
  A frilled lizard (D:2)
  4 rats
38 creatures vanquished.

Vanquished Creatures (others)
  A plant (D:2)
1 creature vanquished.

Grand Total: 39 creatures vanquished

Notes
Turn   | Place    | Note
-------+----------+-------------------------------------------
     0 | D:1      | Zeor the Vine Stalker Monk began the quest for the Orb.
     0 | D:1      | Reached XP level 1. HP: 11/11 MP: 2/2
    35 | D:1      | Found a faded altar of an unknown god.
   176 | D:1      | Reached XP level 2. HP: 10/16 MP: 1/3
  1125 | D:2      | Reached XP level 3. HP: 19/19 MP: 4/4
  2179 | D:3      | Noticed a sky beast
  2222 | D:3      | HP: 1/20 [something (3)]
  2223 | D:3      | Slain by a sky beast

Illustrated notes

Levels and vault maps discovered:
D:1:      minmay_arrival_split_and_join, layout_rooms, basic_ecumenical_altar
D:2:      cheibrodos_old_hovel, layout_loops_corners
D:3:      layout_basic, dk_noncrumbling_4, minivault_25,
          ebering_dispersal_statue_hall

Skill      XL: |  1  2  3 |
---------------+----------+-----
Short Blades   | 3 |  3.4
Fighting       | 3 |  3.0
Stealth        | 3 |  3.1
Dodging        | |  2.7

Action                   || total
-------------------------++-------
Melee: Short sword       ||   118
       Bite              ||    27
       Punch             ||     2
  Use: Scroll            ||     6
       Potion            ||     1
 Stab: Sleeping          ||     9
Armor: Robe              ||    11
       Skin              ||    23
Dodge: Dodged            ||    47
